 Dungeon Crawl Stone Soup version 0.25-a0-707-g603da07 (webtiles) character file.

Game seed: 5314265860377279617, levelgen mode: deterministic

3990 rednit the Basher (level 10, -14/93 HPs)
             Began as a Minotaur Berserker on Apr 4, 2020.
             Was an Elder of Trog.
             Demolished by a wolf spider (16 damage)
             ... on level 8 of the Dungeon.
             The game lasted 00:21:26 (7488 turns).

rednit the Basher (Minotaur Berserker)              Turns: 7488, Time: 00:21:26

Health: -14/93     AC: 12    Str: 25    XL:     10   Next: 3%
Magic:  9/9        EV:  7    Int:  4    God:    Trog [****..]
Gold:   479        SH:  0    Dex: 10    Spells: 9/9 levels left

rFire    . . .     SeeInvis .   x - +2 flail (holy)
rCold    . . .     Gourm    .   (no shield)
rNeg     . . .     Faith    .   r - +0 plate armour
rPois    +         Spirit   .   (helmet restricted)
rElec    .         Reflect  .   C - +0 cloak
rCorr    .         Harm     .   (no gloves)
MR       .....                  (no boots)
Stlth    ..........             (no amulet)
HPRegen  0.25/turn              J - ring of stealth
MPRegen  0.11/turn              y - ring of poison resistance

@: berserk cooldown, slowed, very slow
A: retaliatory headbutt, horns 2
a: Berserk, Trog's Hand, Brothers in Arms, Renounce Religion


You were on level 8 of the Dungeon.
You worshipped Trog.
Trog was greatly pleased with you.
You were very hungry.

You visited 1 branch of the dungeon, and saw 8 of its levels.

You collected 479 gold pieces.

Inventory:

Hand Weapons
 a - a +0 mace
 x - a +2 flail of holy wrath (weapon)
 G - a +0 mace of protection
Missiles
 d - 31 poisoned darts
 H - 3 javelins (quivered)
Armour
 b - a +0 animal skin
 p - a +1 tower shield of reflection
 r - a +0 plate armour (worn)
 C - a +0 cloak (worn)
Jewellery
 i - an uncursed ring of fire
 y - a ring of poison resistance (right hand)
 J - a ring of stealth (left hand)
Wands
 s - a wand of random effects (20)
 E - a wand of acid (8)
 F - a wand of paralysis (10)
 I - a wand of flame (18)
Scrolls
 e - 4 scrolls of remove curse {unknown}
 f - 5 scrolls of identify
 g - 2 scrolls of enchant armour {unknown}
 j - 4 scrolls of teleportation {unknown}
 k - 3 scrolls of enchant weapon {unknown}
 m - a scroll of noise {unknown}
 n - 3 scrolls of fear {unknown}
 v - a scroll of fog {unknown}
 B - a scroll of vulnerability {unknown}
Potions
 h - 4 potions of curing
 l - a potion of invisibility {unknown}
 o - a potion of ambrosia {unknown}
 q - 3 potions of haste {unknown}
 t - a potion of cancellation {unknown}
 u - a potion of stabbing {unknown}
 w - a potion of magic {unknown}
 z - 2 potions of lignification {unknown}
 A - a potion of might
 D - a potion of flight {unknown}
 L - a potion of brilliance {unknown}
Miscellaneous
 K - a phantom mirror
Comestibles
 c - 13 rations
 M - 9 chunks of flesh


   Skills:
 - Level 10.2 Fighting
 - Level 14.1 Maces & Flails
 + Level 0.1 Throwing
 + Level 2.5 Armour
 - Level 2.2 Dodging


You had 9 spell levels left.
You didn't know any spells.
Your spell library was empty.

Dungeon Overview and Level Annotations

Branches:
Dungeon (8/15)             Temple (0/1) D:5
   Lair: D:8-11

Altars:
Cheibriados
Elyvilon
Fedhas
Kikubaaqudgha
Nemelex Xobeh
Okawaru
Qazlal
Ru
Sif Muna
Trog
Wu Jian


Innate Abilities, Weirdness & Mutations

You reflexively headbutt those who attack you in melee.
You have a pair of horns on your head.


Message History

* * * LOW HITPOINT WARNING * * *
The wolf spider bites you.
* * * LOW HITPOINT WARNING * * *
Okay, then.
A red film seems to cover your vision as you go berserk!
You feel yourself moving faster!
You feel mighty!
You are feeling very hungry.
The wolf spider hits you!
* * * LOW HITPOINT WARNING * * *
The wolf spider bites you.
* * * LOW HITPOINT WARNING * * *
You feel a strong urge to attack something.
Found a runed hand axe and a lightning rod (4/4).
You feel your anger nearly subside.
There is an open door here.
You are no longer berserk.
You are exhausted.
You feel yourself slow down. The wolf spider hits you!
You die...

#####.######
#..........#
#.########.#
#.# #.#
#.##### ###
#.#...#
#.#...#
#.#.÷.#
#@##'## #
#s#÷..#).}#
#.h.h.'...#
###...#!.:#
##+######


You could see a wolf spider and a hound.

Vanquished Creatures
  A manticore (D:8)
  A hippogriff (D:5)
  A shadow (D:7)
  A human (D:7)
  A yak (D:7)
  A wraith (D:7)
  3 hogs (D:7)
  A hungry ghost (D:7)
  Grum (D:8)
  2 ice beasts (D:6)
  A sky beast (D:7)
  A hornet zombie (D:7)
  2 phantoms (D:7)
  An ogre (D:7)
  4 wolves (D:8)
  2 centaurs (D:5)
  A bullfrog (D:7)
  A scorpion (D:7)
  4 killer bees (D:8)
  A bullfrog zombie (D:5)
  A centaur zombie (D:7)
  4 hounds
  A bullfrog skeleton (D:7)
  4 orc wizards
  3 iguanas
  6 worker ants
  2 hound zombies
  Robin (D:2)
  6 adders
  An ooze (D:2)
  An adder skeleton (D:7)
  An adder zombie (D:7)
  3 worms
  A dart slug (D:1)
  4 leopard geckos
  20 orcs
  3 ball pythons
  10 bats
  6 giant cockroaches
  15 goblins
  12 hobgoblins
  8 jackals
  5 quokkas
  5 frilled lizards
  A jackal zombie (D:5)
  11 kobolds
  8 rats
174 creatures vanquished.

Vanquished Creatures (others)
  An orc wizard (D:7)
1 creature vanquished.

Grand Total: 175 creatures vanquished

Notes
Turn   | Place    | Note
-------+----------+-------------------------------------------
     0 | D:1      | rednit the Minotaur Berserker began the quest for the Orb.
     0 | D:1      | Reached XP level 1. HP: 19/19 MP: 0/0
   302 | D:1      | Reached XP level 2. HP: 27/28 MP: 1/1
   655 | D:1      | Reached ** piety under Trog
   881 | D:1      | Reached skill level 5 in Fighting
  1111 | D:1      | Reached XP level 3. HP: 36/36 MP: 2/2
  1406 | D:2      | Reached XP level 4. HP: 37/44 MP: 3/3
  1599 | D:2      | Noticed Robin
  2127 | D:2      | Reached *** piety under Trog
  2137 | D:2      | Killed Robin
  2565 | D:3      | Reached XP level 5. HP: 31/52 MP: 4/4
  2822 | D:3      | Found an ornate altar of the Wu Jian Council.
  4069 | D:4      | Found a stormy altar of Qazlal.
  4093 | D:5      | Entered Level 5 of the Dungeon
  4108 | D:5      | Found a blossoming altar of Fedhas.
  4116 | D:5      | Reached XP level 6. HP: 45/61 MP: 5/5
  4234 | D:5      | Found an iron altar of Okawaru.
  4246 | D:5      | Noticed a hippogriff
  4251 | D:5      | Killed a hippogriff
  4345 | D:5      | Reached XP level 7. HP: 48/71 MP: 6/6
  4467 | D:5      | Found a white marble altar of Elyvilon.
  4467 | D:5      | Found a shimmering blue altar of Sif Muna.
  4560 | D:5      | Reached skill level 10 in Fighting
  4684 | D:5      | Found a staircase to the Ecumenical Temple.
  4746 | D:5      | Found a sparkling altar of Nemelex Xobeh.
  4846 | D:5      | Reached skill level 4 in Maces & Flails
  4908 | D:5      | Found a snail-covered altar of Cheibriados.
  4931 | D:5      | Found an ancient bone altar of Kikubaaqudgha.
  5023 | D:6      | Found a bloodstained altar of Trog.
  5306 | D:6      | Reached skill level 5 in Maces & Flails
  5880 | D:6      | Reached skill level 6 in Maces & Flails
  5955 | D:7      | Reached XP level 8. HP: 76/79 MP: 7/7
  5960 | D:7      | Reached **** piety under Trog
  6041 | D:7      | Found a sacrificial altar of Ru.
  6053 | D:7      | Reached skill level 7 in Maces & Flails
  6124 | D:7      | Reached skill level 8 in Maces & Flails
  6164 | D:7      | Reached skill level 9 in Maces & Flails
  6216 | D:7      | Reached skill level 10 in Maces & Flails
  6290 | D:7      | Reached XP level 9. HP: 83/85 MP: 8/8
  6352 | D:7      | Reached skill level 11 in Maces & Flails
  6669 | D:7      | Reached skill level 12 in Maces & Flails
  6960 | D:8      | Reached skill level 13 in Maces & Flails
  7279 | D:8      | Noticed Grum
  7289 | D:8      | Killed Grum
  7421 | D:8      | Noticed a manticore
  7427 | D:8      | Killed a manticore
  7427 | D:8      | Reached skill level 14 in Maces & Flails
  7427 | D:8      | Reached XP level 10. HP: 93/93 MP: 9/9
  7476 | D:8      | Noticed a wolf spider
  7483 | D:8      | HP: 3/139 [wolf spider (15)]
  7488 | D:8      | Demolished by a wolf spider

Levels and vault maps discovered:
D:1:      dpeg_arrival_houses_and_road, layout_basic, minmay_pentomino_v4
D:2:      layout_basic, patterned_corridor, uniq_robin
D:3:      layout_basic, lemuel_doored_altar
D:4:      layout_basic, lemuel_coloured_pillars_altar
D:5:      layout_loops_ring, nemelex_xobeh_ov_fountains_minmay, kennysheep_mini,
          nicolae_overflow_crystal_walls, lemuel_round_altar,
          kennysheep_little_box, chequers_temple_overflow_statue_of_worship,
          minmay_temple_entry_hall, first_ration
D:6:      layout_layer_cave, nicolae_overflow_hidden_temple
D:7:      minmay_the_grid_square_5x5_3x3 [minmay_the_grid_square_5x5_moneybag,
          minmay_the_grid_square_5x5_hollow_slash,
          minmay_the_grid_square_5x5_bridge, minmay_the_grid_square_5x5_shrine1,
          minmay_the_grid_square_5x5_megaprize_diamond,
          minmay_the_grid_square_5x5_gyroscope,
          minmay_the_grid_square_5x5_tri_point, minmay_the_grid_square_5x5_plus,
          minmay_the_grid_square_5x5_inner_v], layout_loops_cross,
          old_standard_altar, grunt_livestock
D:8:      kennysheep_ambush_hall, layout_basic, lemuel_round_altar,
          minmay_evil_grid, uniq_grum

Skill      XL: |  1  2  3  4  5  6  7  8  9 |
---------------+----------------------------+-----
Fighting       | 4 5 6 7 8 9 10 | 10.2
Maces & Flails | 6 10 14 | 14.1
Throwing       | |  0.1
Armour         | |  2.5
Dodging        | |  2.2

Action                   |  1- 3 |  4- 6 |  7- 9 | 10-12 || total
-------------------------+-------+-------+-------+-------++-------
Melee: Mace              |    65 |   138 |       |       ||   203
       Headbutt          |    12 |    23 |    30 |     2 ||    67
       Flail             |       |     6 |   207 |     9 ||   222
Throw: Dart              |       |    15 |     4 |       ||    19
       Javelin           |       |       |    19 |       ||    19
Invok: Berserk           |     3 |     2 |     6 |     1 ||    12
       Trog's Hand       |       |       |     1 |       ||     1
  Use: Potion            |     1 |       |       |       ||     1
       Scroll            |       |     2 |     2 |       ||     4
 Stab: Sleeping          |       |     1 |       |       ||     1
  Eat: Chunk             |     4 |     8 |    14 |       ||    26
       Ration            |       |     1 |     1 |       ||     2
Armor: Animal skin       |    20 |    18 |       |       ||    38
       Plate armour      |       |    36 |   133 |     3 ||   172
Dodge: Dodged            |    63 |   103 |    75 |     4 ||   245

Table legend:
 A = Non-vault XP
 B = Vault XP
 C = Vault XP percentage of total XP
 D = Non-vault monster count
 E = Vault monster count
 F = Vault count percentage of total count
                 A         B        C        D         E       F
            +---------+---------+-------+---------+---------+-------
      Total |    2490 |    3211 |  56.3 |     140 |      35 |  20.0
            +---------+---------+-------+---------+---------+-------
        D:1 |      39 |      11 |  22.0 |      24 |       6 |  20.0
        D:2 |     112 |      30 |  21.1 |      25 |       9 |  26.5
        D:3 |      82 |       0 |   0.0 |      24 |       0 |   0.0
        D:4 |      28 |       0 |   0.0 |       4 |       0 |   0.0
        D:5 |     704 |       0 |   0.0 |      18 |       0 |   0.0
        D:6 |     375 |       0 |   0.0 |       7 |       0 |   0.0
        D:7 |     814 |    1967 |  70.7 |      28 |      13 |  31.7
        D:8 |     336 |    1203 |  78.2 |      10 |       7 |  41.2
            +---------+---------+-------+---------+---------+-------
